 Dungeon Crawl Stone Soup version 0.30-a0-358-g0d69a1922f (webtiles) character file.

Game seed: 14800892245968919599

17 Essalna the Sneak (level 2, -2/25 HPs)
             Began as a Djinni Delver on Nov 9, 2022.
             Slain by a centaur (6 damage)
             ... on level 4 of the Dungeon.
             The game lasted 00:01:06 (243 turns).

Essalna the Sneak (Djinni Delver)                    Turns: 243, Time: 00:01:07

Health: -2/25      AC:  3    Str: 11    XL:     2   Next: 80%
Gold:   0          EV: 12    Int: 11    God:
                   SH:  5    Dex: 14

rFire   + + .      SeeInvis .    a - +0 falchion
rCold   x . .      Faith    .    (no shield)
rNeg    . . .      Spirit   .    b - +0 leather armour
rPois   ∞          Reflect  +    (no helmet)
rElec   .          Harm     .    (no cloak)
rCorr   .          Rampage  .    (no gloves)
Will    .....                    (boots unavailable)
Stlth   ++........               j - amulet of reflection
HPRegen 0.24/turn                (no ring)
MPRegen 0.00/turn                (no ring)

@: flying
A: sickness immunity, fire resistance 2, cold vulnerability 1, float, innate
caster, HP casting, extra vitality 1
a: no special abilities


You were on level 4 of the Dungeon.
You visited 1 branch of the dungeon, and saw 2 of its levels.

Inventory:

Hand Weapons
 a - a +0 falchion (weapon)
Armour
 b - a +0 leather armour (worn)
Jewellery
 j - an amulet of reflection (around neck)
Wands
 g - a wand of digging (3)
Scrolls
 c - a scroll of fog
 d - a scroll of magic mapping
 e - a scroll of fear
 i - 2 scrolls of identify {unknown}
Potions
 f - a potion of haste
 h - a potion of mutation {unknown}


   Skills:
 - Level 3.0 Fighting
 - Level 1.7 Long Blades
 - Level 2.1 Dodging
 - Level 4.1 Stealth
 + Level 1.5 Spellcasting


You had 4 spell levels left.
You didn't know any spells.
Your spell library was empty.

Dungeon Overview and Level Annotations

Branches:
Dungeon (5/15)
 Temple: D:4-7

Altars:

Annotations:
D:5 Blork the orc


Innate Abilities, Weirdness & Mutations

You are immune to sickness and miasma.
You are immune to poison.
Your flesh is very heat resistant. (rF++)
You are vulnerable to cold. (rC-)
You float through the air rather than walking.
You learn spells naturally, not from books.
Your magical power is your life essence.
You have superior vitality. (+4 MHP)


Message History

The orc hits you with a +2 short sword of draining.
* * * LOW HITPOINT WARNING * * *
You hit the orc.
The orc is severely wounded.
The orc barely misses you.
You hit the orc but do no damage.
The orc is severely wounded.
The orc barely misses you.
You barely miss the orc.
The orc is severely wounded.
The orc misses you.
You hit the orc.
You kill the orc!
A goblin comes into view.
It is wielding a +2 dagger of electrocution.
A centaur comes into view.
The helpless centaur fails to defend itself.
You hit the centaur.
The centaur is lightly wounded.
You block the centaur's attack. The centaur barely misses you.
The centaur misses you. The centaur barely misses you.
You hit the centaur but do no damage.
The centaur is lightly wounded.
The centaur hits you.
* * * LOW HITPOINT WARNING * * *
The centaur kicks you but does no damage.
You block the centaur's attack. The centaur barely misses you.
You barely miss the centaur.
The centaur is lightly wounded.
The centaur hits you but does no damage.
The centaur barely misses you. The centaur closely misses you.
The centaur kicks you but does no damage.
You slash the centaur!
The centaur is heavily wounded.
You block the centaur's attack. The centaur misses you.
You hit the centaur. You punch the centaur.
The centaur is severely wounded.
The centaur hits you.
* * * LOW HITPOINT WARNING * * *
You block the centaur's attack. The centaur hits you.
You die...

########..
#.@c...... #
#..
#.######.#
#.#(. #.# ###
.#.. #.# #..
... #.# #.# #
#.. #.## #.#
#.#.. #..#
#.# #.#..
##.# #.#
#.... #.#
#####.#####..


You could see a centaur.

Vanquished Creatures
  An adder (D:5)
  3 orcs (D:4)
  A kobold (D:4)
5 creatures vanquished.

Notes
Turn   | Place    | Note
-------+----------+-------------------------------------------
     0 | D:5      | Essalna the Djinni Delver began the quest for the Orb.
     0 | D:5      | Reached XP level 1. HP: 20/20 MP: 0/0
    63 | D:5      | Reached skill level 1 in Spellcasting
    63 | D:5      | Reached XP level 2. HP: 22/25 MP: 0/0
   109 | D:5      | Noticed Blork the orc
   236 | D:4      | Noticed a centaur
   243 | D:4      | Slain by a centaur

Illustrated notes

Levels and vault maps discovered:
D:4:      layout_loops_ring, chequers_temple_overflow_minitemple
D:5:      minmay_angry_zag, layout_basic, minmay_between, uniq_blork_the_orc

Skill      XL: |  1 |
---------------+----+-----
Spellcasting   | 1 |  1.5
Fighting       | |  3.0
Long Blades    | |  1.7
Dodging        | |  2.1
Stealth        | |  4.1

Action                   || total
-------------------------++-------
Melee: Falchion          ||    34
       Punch             ||     1
 Stab: Sleeping          ||     2
Armor: Leather armour    ||     5
Dodge: Dodged            ||    23
Block: Other             ||    12
       Reflection        ||     1

Table legend: (Time is in decaauts)
 A = Elapsed time spent in this place.
 B = Non-inter-level travel time spent in this place.
 C = Inter-level travel time spent in this place.
 D = Time resting spent in this place.
 E = Time spent auto-exploring this place.
 F = Levels seen in this place.
 G = Mean time per level.
                   A        B        C        D        E       F      G
               +--------+--------+--------+--------+--------+-----+--------+
         Total |    249 |    249 |      0 |      0 |    119 |   2 |  124.5 |
       Dungeon |    249 |    249 |      0 |      0 |    119 |   2 |  124.5 |
               +--------+--------+--------+--------+--------+-----+--------+

Top non-repeatable levels by time:
     D:5: 149 daAuts
     D:4: 100 daAuts
